 Dungeon Crawl Stone Soup version 0.29.1-1-gd02db6906a (webtiles) character file.

Game seed: 7625422157603388285

47 Curmudgeon69 the Poker (level 3, 0/29 HPs)
             Began as a Human Berserker on Oct 14, 2022.
             Was a Believer of Trog.
             Slain by an adder (2 damage)
             ... on level 2 of the Dungeon.
             The game lasted 00:16:25 (1295 turns).

Curmudgeon69 the Poker (Human Berserker)            Turns: 1295, Time: 00:16:26

Health: 0/29       AC:  3    Str: 19    XL:     3   Next: 97%
Magic:  3/3        EV: 11    Int:  7    God:    Trog [**....]
Gold:   75         SH:  3    Dex: 12    Spells: 2/2 levels left

rFire   . . .      SeeInvis .   a - +0 spear
rCold   . . .      Faith    .   j - +0 buckler
rNeg    . . .      Spirit   .   p - +0 leather armour
rPois   .          Reflect  .   (no helmet)
rElec   .          Harm     .   (no cloak)
rCorr   .          Rampage  .   (no gloves)
Will    .....                   (no boots)
Stlth   +.........              (no amulet)
HPRegen 0.09/turn               (no ring)
MPRegen 0.08/turn               (no ring)

@: lethally poisoned (0 -> -1)
A: no striking features
a: Renounce Religion, Berserk, Trog's Hand


You were on level 2 of the Dungeon.
You worshipped Trog.
Trog was pleased with you.
You visited 1 branch of the dungeon, and saw 2 of its levels.

You collected 75 gold pieces.

Inventory:

Hand Weapons
 a - a +0 spear (weapon)
 k - a +0 spear
 m - a +0 dagger
 o - a +0 whip
 q - a +0 short sword
Missiles
 l - 3 stones (quivered)
 s - 3 poisoned darts
Armour
 b - a +0 animal skin
 j - a +0 buckler (worn)
 p - a +0 leather armour (worn)
Jewellery
 d - a ring of fire
Wands
 r - a wand of flame (19)
Scrolls
 c - a scroll of identify {unknown}
 e - a scroll of enchant armour {unknown}
 g - 4 scrolls of fear {unknown}
 h - a scroll of acquirement {unknown}
 i - a scroll of teleportation {unknown}
Potions
 f - a potion of flight {unknown}
 n - a potion of cancellation {unknown}


   Skills:
 + Level 3.6 Fighting
 + Level 3.7 Polearms
 + Level 2.2 Armour
 + Level 2.2 Dodging


You had 2 spell levels left.
You didn't know any spells.
Your spell library contained the following spells:

 Spells                   Type           Power      Damage    Failure   Level
 Magic Dart               Conj           0%         1d3       58%         1
 Summon Small Mammal      Summ           0%         N/A       58%         1
 Call Imp                 Summ           0%         N/A       75%         2
 Ensorcelled Hibernation  Hex/Ice        0%         N/A       75%         2
 Call Canine Familiar     Summ           0%         N/A       92%         3
 Mephitic Cloud           Conj/Pois/Air  0%         N/A       92%         3
 Spider Form              Tmut/Pois      0%         N/A       92%         3
 Summon Guardian Golem    Hex/Summ       0%         N/A       92%         3
 Anguish                  Hex/Necr       0%         N/A       100%        4


Dungeon Overview and Level Annotations

Branches:
Dungeon (2/15)

Altars:


Message History

Found a spear.
An adder comes into view.
The adder hisses angrily.
A giant cockroach comes into view.
An endoplasm comes into view.
The endoplasm quivers.
A goblin comes into view. It is wielding a +0 club.
The endoplasm freezes you.
You are frozen.
You hit the endoplasm.
The endoplasm is heavily wounded.
The endoplasm barely misses you.
You hit the endoplasm.
The endoplasm is almost dead.
The endoplasm freezes you.
You are frozen.
You hit the endoplasm.
You kill the endoplasm!
Trog accepts your kill.
You closely miss the adder. The adder bites you.
You are poisoned.
The adder poisons you!
You hit the adder.
The adder is lightly wounded.
You feel sick. The adder bites you.
* * * LOW HITPOINT WARNING * * *
You closely miss the adder.
The adder is lightly wounded.
You feel sick. The adder bites you.
* * * LOW HITPOINT WARNING * * *
You barely miss the adder.
The adder is lightly wounded.
You feel sick. The adder completely misses you. The adder bites you.
* * * LOW HITPOINT WARNING * * *
The goblin shouts!
You hit the adder.
The adder is heavily wounded.
* * * LOW HITPOINT WARNING * * *
You feel sick. The adder bites you.
You die...

# ..# .. #. #.#. .g#
#..#... #.# .B ..#. ..
... ..#
...##.###.###.# #..
..... ...
#.##.###.###.###.
#....@Sg.........
#.............####
..####........### #.
### #..........####...
..# #.....####......#
#.####.###.####...####
### #.#.... #..>.....#
. ..#####...###
##.†..##....#
#.##...##..#####
##....####.).


You could see an adder and a goblin.

Vanquished Creatures
  An adder (D:2)
  A dart slug (D:1)
  5 endoplasms
  A giant cockroach (D:1)
  A goblin (D:1)
  A hobgoblin (D:1)
  7 jackals
  A quokka (D:1)
  4 ball pythons (D:1)
  A bat (D:2)
  2 frilled lizards
  3 kobolds
  7 rats
35 creatures vanquished.

Vanquished Creatures (others)
  11 plants (D:1)
11 creatures vanquished.

Grand Total: 46 creatures vanquished

Notes
Turn   | Place    | Note
-------+----------+-------------------------------------------
     0 | D:1      | Curmudgeon69 the Human Berserker began the quest for the
                  | Orb.
     0 | D:1      | Reached XP level 1. HP: 18/18 MP: 1/1
   156 | D:1      | Reached XP level 2. HP: 19/24 MP: 2/2
   277 | D:1      | Found a faded altar of an unknown god.
   914 | D:1      | Reached XP level 3. HP: 27/29 MP: 3/3
  1162 | D:2      | Reached ** piety under Trog
  1295 | D:2      | Slain by an adder

Illustrated notes

Levels and vault maps discovered:
D:1:      beargit_arrival_greenhouse, layout_basic,
          dilly_ecumenical_altar_fadedgnrine
D:2:      layout_rooms, serial_curves, eino_curves_02, eino_curves_01,
          nicolae_concentric_dashed_squares_mild, uniq_sigmund

Action                   || total
-------------------------++-------
Melee: Spear             ||   113
Throw: Stone             ||     8
Invok: Berserk           ||     1
  Use: Scroll            ||     1
 Stab: Sleeping          ||     1
Armor: Leather armour    ||    13
       Animal skin       ||     2
Dodge: Dodged            ||    55
Block: Buckler           ||     7
